[Event "RUS-ch Youth U21 Girls 2017"]
[Site "Loo"]
[Date "2017.04.22"]
[Round "3"]
[White "Bykova, Anastasia"]
[Black "Maltsevskaya, Aleksandra"]
[Result "0-1"]
[ECO "E68"]
[WhiteElo "2241"]
[BlackElo "2238"]
[Annotator "NA"]
[PlyCount "80"]
[EventDate "2017.??.??"]
[EventType "tourn"]
[EventCountry "RUS"]
[SourceTitle "playchess.com"]
[Source "ChessBase"]
[SourceQuality "1"]
[TimeControl "40/5400+30:1800+30"]

1. d4 Nf6 2. Nf3 g6 3. g3 Bg7 4. Bg2 O-O 5. O-O d6 6. c4 Nbd7 7. Nc3 e5 8. e4 exd4 9. Nxd4 Re8 10. b3 Nc5 11. Re1 {[%emt 0:00:19] E68: King's Indian: Fianchetto: 6...Nbd7 7 0-0 e5 8 e4} (11. f3 c6 12. Be3 a6 13. Qd2 Nfd7 14. b4 Ne5 15. Qe2 Ne6 16. Rad1 Qc7 17. Rfe1 Rb8 18. h3 b5 19. cxb5 axb5 20. Nxe6 Bxe6 {0-1 (34) Jakovenko,D (2704)-Grischuk,A (2737) Doha 2016}) 11... Ng4 {[%emt 0:00:12] LiveBook: 5 Games} 12. f3 Ne5 13. Be3 a5 14. Qc2 a4 15. Rad1 Bd7 16. h3 $146 (16. Ndb5 axb3 17. axb3 Na6 18. Na2 f5 19. f4 Nc6 {½-½ (43) Drabek,M (2071)-Jonas,V (1989) Czechia 2009}) 16... Qc8 17. f4 Nc6 18. Nxc6 ({Weaker is} 18. Nxa4 Nb4 19. Qb1 (19. Qd2 Bxa4 20. Qxb4 Bd7 $17) 19... Bxh3 $17) 18... Bxc6 19. e5 (19. Nd5 $14) 19... axb3 20. axb3 Na6 21. Bd4 Nb4 22. Qf2 Bxg2 23. Qxg2 (23. Kxg2 $11 {keeps the balance.} c5 24. Be3) 23... c5 24. Bf2 dxe5 25. Nb5 exf4 26. Rxe8+ Qxe8 27. Qxb7 fxg3 28. Bxc5 $2 (28. Bxg3 $17 Bf8 29. Re1) 28... Bf8 29. Nd6 {[%emt 0:04:03] [#]} Bxd6 $1 30. Bxd6 Qe3+ 31. Kh1 Rd8 ({Weaker is} 31... g2+ 32. Kh2 g1=Q+ 33. Rxg1 Ra2+ 34. Rg2 Rxg2+ 35. Qxg2 $11) 32. Rf1 Qe6 33. Bxg3 Qxh3+ 34. Kg1 Qxg3+ 35. Kh1 Qh4+ 36. Kg1 Qg4+ 37. Kh1 Qh5+ $19 38. Kg1 Qc5+ 39. Kh1 Qc6+ 40. Qxc6 Nxc6 0-1

[Event "RUS-ch Youth U21 Girls 2017"]
[Site "Loo"]
[Date "2017.04.23"]
[Round "4"]
[White "Chernyak, Viktoria"]
[Black "Rodionova, Daria"]
[Result "1-0"]
[ECO "B20"]
[WhiteElo "2241"]
[BlackElo "2164"]
[Annotator "NA"]
[PlyCount "57"]
[EventDate "2017.??.??"]
[EventType "tourn"]
[EventCountry "RUS"]
[SourceTitle "playchess.com"]
[Source "ChessBase"]
[SourceQuality "1"]
[TimeControl "40/5400+30:1800+30"]

1. e4 c5 2. Ne2 d6 3. g3 Nc6 4. Bg2 g6 5. c3 Bg7 {[%emt 0:04:26] LiveBook: 143 Games} 6. d4 cxd4 7. cxd4 Qb6 {[%emt 0:03:12] B20: Sicilian: Unusual White 2nd moves} (7... Nf6 8. Nbc3 O-O 9. O-O Bd7 10. h3 Rc8 11. Be3 Qa5 12. Qd2 e5 13. d5 Ne7 14. b4 Qc7 15. a4 Qb8 16. Qd3 Nh5 17. Nb5 {1-0 (60) Salgado Lopez,I (2641)-Siva,M (2363) Dubai 2017}) 8. Nbc3 Nxd4 9. Nd5 Qc5 10. Nxd4 Bxd4 11. Be3 Bxe3 12. fxe3 Kf8 $2 (12... Qa5+ $1 $11 {and Black has nothing to worry.} 13. b4 Qd8) 13. O-O $146 (13. Rc1 Qa5+ 14. b4 Qd8 15. Nc7 {½-½ (53) De Asis Dirceu,V (2273)-Coelho,L (2352) Rio de Janeiro 2002}) 13... Rb8 $2 (13... Bd7 $16) 14. b4 Qc4 15. Rc1 Qa6 16. Qd4 e5 17. Qc3 Qc6 18. Qb3 ({Weaker is} 18. Qxc6 bxc6 19. Rxc6 Kg7 $16) (18. Qd3 $18 {is more deadly.} Qe8 19. Nb6) 18... Qe8 19. Qa3 a6 20. Qa5 Bd7 (20... b6 $16 {was called for.} 21. Nxb6 Be6) 21. Qc7 (21. Rc7 $18) 21... Kg7 22. Qxd6 Bc6 $2 (22... Rc8 $16) 23. Rc2 Rd8 $1 24. Qc5 Rd7 (24... Qd7 $14) 25. Bh3 Rd8 $18 (25... f5 $16) 26. Rcf2 h5 27. Nc7 Qe7 28. Qxe7 Nxe7 29. Rxf7+ 1-0

[Event "RUS-ch Youth U21 Girls 2017"]
[Site "Loo"]
[Date "2017.04.23"]
[Round "4"]
[White "Maltsevskaya, Aleksandra"]
[Black "Dimitrova, Aleksandra"]
[Result "1/2-1/2"]
[ECO "B41"]
[WhiteElo "2238"]
[BlackElo "2246"]
[Annotator "NA"]
[PlyCount "102"]
[EventDate "2017.??.??"]
[EventType "tourn"]
[EventCountry "RUS"]
[SourceTitle "playchess.com"]
[Source "ChessBase"]
[SourceQuality "1"]
[TimeControl "40/5400+30:1800+30"]

1. e4 c5 2. Nf3 e6 3. d4 cxd4 4. Nxd4 a6 5. c4 Nf6 6. Nc3 Bb4 7. Qf3 {[%emt 0:00:09] LiveBook: 49 Games} Bxc3+ {[%emt 0:01:40] B41: Sicilian: Kan Variation: 5 c4} 8. bxc3 d6 9. Be2 Nbd7 $146 (9... O-O 10. O-O e5 11. Nf5 Bxf5 12. exf5 Nc6 13. Rb1 Qe7 14. Bg5 e4 15. Qg3 {½-½ (136) Yu,Y (2652)-Wang,C (2435) Tianjin 2011}) 10. Qe3 ({White should play} 10. Ba3 $14 Ne5 11. Qg3) 10... Qc7 11. O-O Nc5 12. f3 e5 13. Nb3 Ne6 14. Rd1 O-O 15. Qf2 Nd7 16. Bf1 a5 17. Rb1 Ndc5 18. Ba3 b6 19. Na1 Bd7 20. Nc2 Ba4 21. Rd5 Nf4 22. Rd2 Bxc2 23. Rxc2 Qc6 24. Rd2 Rad8 25. Rbd1 Nfe6 26. Rd5 Nc7 27. R5d2 N7e6 28. Qh4 Qa4 29. Bxc5 bxc5 30. Qf2 Qa3 31. Rc2 ({Much weaker is} 31. Rxd6 Rxd6 32. Rxd6 Qxc3 $15) 31... Rb8 32. Rxd6 Rb1 33. g3 Rfb8 34. Qe2 Rc1 35. Rdd2 h6 36. Kf2 Rbb1 37. Rxc1 Qxc1 38. Rc2 Qg5 39. h4 Qd8 40. Bh3 a4 41. Bxe6 fxe6 42. Rd2 Qb6 43. Qd3 a3 44. Ke2 Rc1 45. h5 Kh7 46. Qd7 Rg1 ({Black should play} 46... Qb2 $11) 47. Qe8 (47. Qb5 $14 Rb1 48. Qxb6 Rxb6 49. Kd1) 47... Rxg3 48. Kf2 $11 Rg5 49. Rd8 Qb2+ 50. Ke3 Qxc3+ (50... Qc1+ $5 51. Kd3 $8 Qd1+ 52. Ke3 Qg1+ 53. Kd3 Qb1+ 54. Ke3 Qg1+ 55. Kd3 Qb1+ 56. Ke3 Qg1+ $11) 51. Kf2 Qb2+ 1/2-1/2

[Event "RUS-ch Youth U21 Girls 2017"]
[Site "Loo"]
[Date "2017.04.23"]
[Round "4"]
[White "Styazhkina, Anna"]
[Black "Bykova, Anastasia"]
[Result "1-0"]
[ECO "C07"]
[WhiteElo "2222"]
[BlackElo "2241"]
[Annotator "NA"]
[PlyCount "71"]
[EventDate "2017.??.??"]
[EventType "tourn"]
[EventCountry "RUS"]
[SourceTitle "playchess.com"]
[Source "ChessBase"]
[SourceQuality "1"]
[TimeControl "40/5400+30:1800+30"]

1. e4 e6 2. d4 d5 3. Nd2 c5 4. exd5 Qxd5 5. dxc5 Bxc5 6. Ngf3 Nf6 7. Bd3 O-O 8. Qe2 {[%emt 0:06:06] C07: French Tarrasch: 3...c5, 4 Ngf3 and 4 exd5 Qxd5} Nc6 (8... Nbd7 9. Nb3 Bb6 10. Be3 Bxe3 11. Qxe3 Ng4 12. Qe2 Nge5 13. O-O-O Nxd3+ 14. Rxd3 Qb5 15. Rhd1 a5 {½-½ (129) Vovk,A (2642)-Nevednichy,V (2557) Cappelle-la-Grande 2015}) 9. O-O {[%emt 0:00:44] LiveBook: 6 Games} b6 10. Ne4 Bb7 11. c4 $146 (11. Re1 Nb4 12. Nxf6+ gxf6 13. Rd1 Nxd3 14. Rxd3 Ba6 15. Rxd5 Bxe2 {1-0 (30) Khakimov,T (2228)-Turkin,V (2351) Voronezh 2004}) 11... Qd7 (11... Qh5 $11) 12. Nxf6+ gxf6 13. Bh6 Rfd8 14. Rad1 Qc7 {[%emt 0:00:43] [#]} 15. Qe4 $1 f5 16. Qh4 Be7 17. Bg5 Re8 18. Rfe1 ({Reject} 18. Bxe7 $6 Qxe7 19. Qf4 Kh8 $11) 18... Rad8 19. Bxe7 Qxe7 ({Wrong is} 19... Nxe7 $2 20. Ng5 h6 21. Qxh6 $18) 20. Ng5 f6 21. Nxe6 Qxe6 22. Rxe6 Rxe6 23. f3 Red6 (23... Ne7 $142 24. Bc2 Rxd1+ 25. Bxd1 Kg7) 24. c5 Rd4 25. Bc4+ Kg7 26. Rxd4 Rxd4 27. Qg3+ Kh6 28. Bg8 Rd7 29. cxb6 axb6 30. Be6 Rd1+ 31. Kf2 $18 Nd4 32. Qf4+ Kg6 33. Bxf5+ Nxf5 34. Qg4+ Kf7 35. Qxf5 Kg7 36. Qe6 1-0

[Event "RUS-ch Youth U21 Girls 2017"]
[Site "Loo"]
[Date "2017.04.26"]
[Round "7"]
[White "Shuvalova, Polina"]
[Black "Dordzhieva, Dinara"]
[Result "1-0"]
[ECO "E04"]
[WhiteElo "2376"]
[BlackElo "2277"]
[Annotator "NA"]
[PlyCount "81"]
[EventDate "2017.??.??"]
[EventType "tourn"]
[EventCountry "RUS"]
[SourceTitle "playchess.com"]
[Source "ChessBase"]
[SourceQuality "1"]
[TimeControl "40/5400+30:1800+30"]

1. d4 Nf6 2. c4 e6 3. g3 d5 4. Nf3 dxc4 5. Bg2 a6 6. Ne5 Bb4+ {[%emt 0:00:24] E04: Open Catalan: 5 Nf3} (6... c5 7. Be3 Nd5 8. Nc3 Nxe3 9. fxe3 Nd7 10. Nxc4 Be7 11. O-O O-O 12. a4 Nb6 13. Nxb6 Qxb6 14. a5 Qc7 15. Na4 cxd4 {0-1 (47) Nguyen,N (2649)-Wang,H (2717) Ho Chi Minh City 2016}) 7. Nc3 Nd5 8. Bd2 Nb6 9. e3 N8d7 10. Nxd7 Qxd7 11. Ne4 Bxd2+ 12. Nxd2 O-O 13. Qc2 e5 14. dxe5 {[%emt 0:00:57] [#]} Rd8 $146 15. Be4 g6 16. h4 Qe7 17. f4 h5 (17... Bf5 $11) 18. Kf2 c6 19. Rhd1 Bg4 20. Nf3 Kg7 21. Qc3 (21. Rac1 $11 {remains equal.}) 21... Kg8 22. Rd4 a5 23. Rad1 Na4 $1 24. Qc2 Bxf3 $2 (24... Nc5 $1 $14) 25. Bxf3 Rxd4 26. Rxd4 Qb4 27. Rxc4 Qxb2 28. Qxb2 Nxb2 29. Rd4 a4 30. a3 Ra5 31. Be2 Rd5 32. Ke1 Rc5 33. Kd2 b5 34. Rb4 Nc4+ 35. Bxc4 bxc4 36. e4 Ra5 37. Rxc4 c5 38. Kd3 Kf8 39. Rc3 Ke7 40. Kc4 Kd7 41. Rd3+ $18 1-0

[Event "RUS-ch Youth U21 Girls 2017"]
[Site "Loo"]
[Date "2017.04.26"]
[Round "7"]
[White "Dimitrova, Aleksandra"]
[Black "Obolentseva, Alexandra"]
[Result "0-1"]
[ECO "B51"]
[WhiteElo "2246"]
[BlackElo "2346"]
[Annotator "NA"]
[PlyCount "70"]
[EventDate "2017.??.??"]
[EventType "tourn"]
[EventCountry "RUS"]
[SourceTitle "playchess.com"]
[Source "ChessBase"]
[SourceQuality "1"]
[TimeControl "40/5400+30:1800+30"]

1. e4 c5 2. Nf3 d6 3. Bb5+ Nd7 4. d4 cxd4 5. Qxd4 {[%emt 0:00:00] LiveBook: 1059 Partien} Ngf6 6. Nc3 g6 7. Bg5 {[%emt 0:07:12] B51: Sicilian: Moscow Variation (3 Bb5+) without 3...Bd7} (7. e5 dxe5 8. Nxe5 Bg7 9. O-O O-O 10. Rd1 Qb6 11. Nxd7 Nxd7 12. Qxb6 Nxb6 13. Bg5 Be6 14. Bxe7 {½-½ (14) Zvjaginsev,V (2659)-Mamedov,R (2637) Khanty-Mansiysk 2013}) 7... Bg7 8. O-O O-O 9. Qd2 a6 10. Bd3 $146 (10. Bxd7 Bxd7 11. Bh6 Rc8 12. Bxg7 Kxg7 13. Rfe1 Be6 14. Nd4 Qb6 {0-1 (31) Raaste,E-Fedder,S (2315) Teeside 1974}) 10... b5 11. Rfe1 Bb7 12. a4 b4 13. Nd5 Nxd5 14. exd5 Re8 ({Stronger than} 14... Bxb2 15. Bxe7 (15. Qxb4 Bxa1 16. Bxe7 Qc8 17. Rxa1 Re8 18. Qxd6 Bxd5 $17) 15... Qc8 16. Rab1 $16 (16. Bxd6 Bxa1 17. Rxa1 Re8 $15) (16. Bxf8 Bc3 17. Qf4 Qxf8 $11)) 15. Qxb4 Bxd5 16. Rad1 Bxf3 17. gxf3 Ne5 18. Qe4 d5 19. Qe2 Qd7 20. f4 Nxd3 21. Rxd3 h6 22. Bh4 Qxa4 23. Rxd5 Bxb2 24. c4 (24. Qe4 $17 Qxe4 25. Rxe4) 24... Bf6 25. Bg3 e6 26. Rdd1 Bc3 27. Rf1 Rac8 28. Rc1 Qxc4 29. Qf3 Qb4 30. f5 exf5 31. Bd6 Qxd6 32. Rxc3 Rxc3 33. Qxc3 Qe5 34. Qc6 $19 Qe4 35. Qc3 f4 0-1

[Event "RUS-ch Youth U21 Girls 2017"]
[Site "Loo"]
[Date "2017.04.26"]
[Round "7"]
[White "Khokhlova, Daria"]
[Black "Maltsevskaya, Aleksandra"]
[Result "1-0"]
[ECO "A58"]
[WhiteElo "2175"]
[BlackElo "2238"]
[Annotator "NA"]
[PlyCount "73"]
[EventDate "2017.??.??"]
[EventType "tourn"]
[EventCountry "RUS"]
[SourceTitle "playchess.com"]
[Source "ChessBase"]
[SourceQuality "1"]
[TimeControl "40/5400+30:1800+30"]

1. d4 Nf6 2. c4 c5 3. d5 b5 4. cxb5 a6 5. bxa6 g6 6. Nc3 Bg7 7. g3 Bxa6 8. Bg2 d6 9. Nf3 Nbd7 10. Rb1 Qa5 11. Bd2 O-O 12. O-O Bb7 {[%emt 0:00:03] A58: Benko/Volga Gambit: Lines with 5 bxa6} 13. Ne1 {[%emt 0:26:13] LiveBook: 3 Games} Qa7 14. Nc2 Nb6 15. Ne3 Nfd7 16. b3 {[%emt 0:04:48] [#]} Ba6 $146 (16... Qa3 17. Qc2 Ba6 18. Rfc1 Bb7 19. Qd1 Rfc8 20. h4 {1-0 (45) Meier,G (2655)-Markowski,T (2567) Legnica 2013}) 17. a4 Rfb8 18. Re1 Ne5 19. h3 f5 20. Nc2 Bc8 21. Nb5 Qd7 22. f4 Nf7 23. Bc3 Bf6 24. Nca3 Ba6 25. Bxf6 exf6 26. Nc3 c4 $2 (26... Re8 $16 27. Qd2 Qa7) 27. a5 Nc8 28. b4 Na7 29. Qd4 Rb7 $18 30. Nxc4 Bxc4 31. Qxc4 Rc8 32. Qd4 Nb5 33. Nxb5 Qxb5 34. e3 Qa4 35. Bf1 Rcb8 36. a6 Rxb4 37. a7 1-0

[Event "RUS-ch Youth U21 Girls 2017"]
[Site "Loo"]
[Date "2017.04.26"]
[Round "7"]
[White "Rodionova, Daria"]
[Black "Styazhkina, Anna"]
[Result "0-1"]
[ECO "C78"]
[WhiteElo "2164"]
[BlackElo "2222"]
[Annotator "NA"]
[PlyCount "74"]
[EventDate "2017.??.??"]
[EventType "tourn"]
[EventCountry "RUS"]
[SourceTitle "playchess.com"]
[Source "ChessBase"]
[SourceQuality "1"]
[TimeControl "40/5400+30:1800+30"]

1. e4 e5 2. Nf3 Nc6 3. Bb5 a6 4. Ba4 Nf6 5. O-O Bc5 6. c3 b5 7. Bb3 d6 8. d4 Bb6 9. a4 Rb8 10. Na3 O-O 11. axb5 axb5 12. Nxb5 Bg4 13. Bc2 exd4 {[%emt 0:03:58] C78: Ruy Lopez: Archangelsk and Möller Defences} 14. Nbxd4 Nxd4 15. cxd4 Bxf3 16. gxf3 Nh5 17. f4 {[%emt 0:16:35] LiveBook: 3 Games} (17. Kh1 Qf6 18. Be3 c5 19. e5 Qe6 20. exd6 c4 21. b3 cxb3 22. Bxb3 Qxd6 {½-½ (74) Karjakin,S (2772)-Carlsen,M (2853) New York 2016}) 17... Qh4 18. Ra3 c5 ({Much weaker is} 18... Nxf4 $6 19. Rg3 $16) 19. d5 c4 20. Rf3 $146 (20. Qf3 Bd4 21. Qh3 Qxh3 22. Rxh3 g6 23. b3 Rfc8 24. Rf3 cxb3 25. Bxb3 Nf6 {½-½ (25) Kobalia,M (2677)-Kasimdzhanov,R (2690) Konya 2012}) 20... Rfe8 21. Kg2 h6 (21... Qg4+ $11 22. Kh1 Nf6) 22. Bb1 (22. Re1 $16) 22... Bc5 23. f5 Rb4 ({Reject} 23... Rxe4 $6 24. Bxe4 Qxe4 25. Re1 Qg4+ 26. Kh1 $14) (23... Qg4+ $5 24. Kh1 $8 Nf6 $11) 24. h3 Reb8 25. Bc2 Ra8 26. Qd2 Ra1 27. Rg1 Qf6 28. Kh1 Rb8 29. Qc3 Qxc3 $11 30. bxc3 Ra2 31. Bd1 Rb1 32. Bxh6 Rxf2 33. Be3 Bxe3 34. Rxe3 Rbb2 35. Rg4 Nf4 36. Bf3 Rh2+ 37. Kg1 Nxh3+ 0-1

[Event "RUS-ch Youth U21 Girls 2017"]
[Site "Loo"]
[Date "2017.04.28"]
[Round "9"]
[White "Shuvalova, Polina"]
[Black "Bykova, Anastasia"]
[Result "1/2-1/2"]
[ECO "D10"]
[WhiteElo "2376"]
[BlackElo "2241"]
[Annotator "NA"]
[PlyCount "81"]
[EventDate "2017.??.??"]
[EventType "tourn"]
[EventCountry "RUS"]
[SourceTitle "playchess.com"]
[Source "ChessBase"]
[SourceQuality "1"]
[TimeControl "40/5400+30:1800+30"]

1. d4 d5 2. c4 c6 3. cxd5 cxd5 4. Nc3 Nf6 5. Bf4 Nc6 6. e3 {[%emt 0:00:00] LiveBook: 3071 Games} Bf5 7. Qb3 Na5 8. Qa4+ {[%emt 0:00:03] D10: Slav Defence: 3 cxd5 (without early Nf3) and 3 Nc3} Bd7 9. Qc2 e6 10. Bd3 Nc6 11. a3 Nh5 12. Be5 f6 13. Bg3 f5 {[%emt 0:00:07] [#]} 14. Nge2 $146 (14. Nf3 Be7 15. Be5 Nf6 {0-1 (30) Tregubov,P (2585)-Svane,R (2555) Doha 2016}) 14... Be7 15. Be5 Nxe5 16. dxe5 g6 17. O-O Rc8 18. Nd4 O-O 19. f4 Qb6 20. Qb3 Qxb3 21. Nxb3 Rc7 22. Rfc1 Rfc8 23. Kf2 Ng7 24. Ne2 Ne8 25. Nbd4 a6 26. Rxc7 Rxc7 27. Rc1 Kf7 28. Rg1 Rc8 29. g3 Nc7 30. Rc1 Na8 31. Rxc8 Bxc8 32. Nc2 Bd7 33. Ned4 Nb6 34. b3 Na8 35. Ke2 Nc7 36. Kd2 Ke8 37. Ke2 Kd8 38. Kd2 Kc8 39. Kc3 $11 Kb8 40. b4 b6 41. Kb3 1/2-1/2

[Event "RUS-ch Youth U21 Girls 2017"]
[Site "Loo"]
[Date "2017.04.28"]
[Round "9"]
[White "Dimitrova, Aleksandra"]
[Black "Chernyak, Viktoria"]
[Result "1/2-1/2"]
[ECO "B09"]
[WhiteElo "2246"]
[BlackElo "2241"]
[Annotator "NA"]
[PlyCount "74"]
[EventDate "2017.??.??"]
[EventType "tourn"]
[EventCountry "RUS"]
[SourceTitle "playchess.com"]
[Source "ChessBase"]
[SourceQuality "1"]
[TimeControl "40/5400+30:1800+30"]

1. e4 g6 2. d4 Bg7 3. Nc3 d6 4. f4 Nf6 5. Nf3 {[%emt 0:00:21] LiveBook: 4833 Games} O-O 6. Bd3 Na6 7. O-O c5 8. d5 $1 Rb8 9. Qe2 Nc7 10. a4 b6 11. Ra3 $146 {[%emt 0:06:25] B09: Pirc Defence: Austrian Attack} (11. Nb5 a6 12. Nxc7 Qxc7 13. c4 e6 14. e5 Ne8 15. Bd2 exd5 16. cxd5 Bb7 17. Bxa6 Bxd5 18. Bc3 Bc6 {0-1 (35) Esen,B (2571)-Nepomniachtchi,I (2714) Jerusalem 2015}) 11... a6 12. Rb3 e6 13. dxe6 Bxe6 14. Bc4 $1 Bxc4 15. Qxc4 Qd7 16. e5 dxe5 17. Nxe5 Qe6 18. Qxe6 Nxe6 19. Be3 Rfc8 20. Rd1 Bf8 21. Nd5 Nxd5 22. Rxd5 b5 23. axb5 c4 24. Nxc4 axb5 ({But not} 24... Rxc4 25. bxa6 Ra8 26. a7 $16) 25. Ne5 Rxc2 26. Rdxb5 Ra8 27. h3 Ra1+ 28. Kh2 Re1 29. Kg3 Ree2 30. Kf3 Rxg2 31. Nd3 (31. Rb8 $11) 31... Rge2 (31... Rh2 $1 $15 32. Nf2 Bc5 33. Rxc5 Rcxf2+ 34. Bxf2 Rxh3+ 35. Bg3 Nxc5 36. Rb8+ Kg7) 32. Rb8 Kg7 33. R3b7 Rh2 ({Don't play} 33... Bd6 $6 34. Re8 Kh6 35. f5+ Rxe3+ 36. Kxe3 $16) 34. Kg3 Rcg2+ 35. Kf3 $1 Rc2 $11 ({Much weaker is} 35... Bd6 $6 36. Re8 Rxh3+ 37. Kxg2 $14) 36. Kg3 Rhg2+ 37. Kf3 Rh2 1/2-1/2

[Event "RUS-ch Youth U21 Girls 2017"]
[Site "Loo"]
[Date "2017.04.28"]
[Round "9"]
[White "Maltsevskaya, Aleksandra"]
[Black "Styazhkina, Anna"]
[Result "1/2-1/2"]
[ECO "C78"]
[WhiteElo "2238"]
[BlackElo "2222"]
[Annotator "NA"]
[PlyCount "61"]
[EventDate "2017.??.??"]
[EventType "tourn"]
[EventCountry "RUS"]
[SourceTitle "playchess.com"]
[Source "ChessBase"]
[SourceQuality "1"]
[TimeControl "40/5400+30:1800+30"]

1. e4 e5 2. Nf3 Nc6 3. Bb5 a6 4. Ba4 Nf6 {[%emt 0:00:16] LiveBook: 51477 Games} 5. O-O Bc5 6. d3 b5 7. Bb3 d6 8. a4 Rb8 9. axb5 axb5 ({Not} 9... Rxb5 $2 10. Ba4 $18) 10. Nc3 {[%emt 0:00:05] C78: Ruy Lopez: Archangelsk and Möller Defences} (10. Be3 Bxe3 11. fxe3 O-O 12. Nc3 Ne7 13. Nd5 Nfxd5 14. Bxd5 c6 15. Bb3 Ng6 16. Qe1 c5 17. Ra7 c4 18. dxc4 {1-0 (36) Smirin,I (2667)-Jones,G (2665) Wijk aan Zee 2017}) 10... Bg4 11. Be3 Nd4 12. Bxd4 Bxd4 13. h3 Bh5 14. g4 Bxc3 $1 15. bxc3 Nxg4 $146 (15... Bg6 $11 {keeps the balance.} 16. Nh4 h5 17. Nxg6 fxg6 {0-1 (45) Schoene,M (2151)-Mkrtchian,L (2458) Dresden 2007}) 16. hxg4 Bxg4 17. Bxf7+ Kxf7 {[%emt 0:00:11] [#]} 18. Nxe5+ $1 dxe5 19. Qxg4 Rb6 20. Qf5+ ({Not} 20. f4 $2 Rg6 21. fxe5+ Kg8 $19) 20... Rf6 21. Qh5+ ({Not} 21. Qxe5 $2 Re8 22. Qh5+ Rg6+ 23. Kh1 Kf8 $19) 21... Rg6+ 22. Kh1 Re8 23. Rg1 Qf6 24. Rxg6 hxg6 25. Qh3 Kg8 26. Kg2 Qc6 27. Rh1 Kf7 28. Qf3+ Kg8 29. Qh3 $11 Kf7 30. Qf3+ Kg8 31. Qh3 1/2-1/2

[Event "RUS-ch Youth U21 Girls 2017"]
[Site "Loo"]
[Date "2017.04.28"]
[Round "9"]
[White "Khokhlova, Daria"]
[Black "Dordzhieva, Dinara"]
[Result "0-1"]
[ECO "D11"]
[WhiteElo "2175"]
[BlackElo "2277"]
[Annotator "NA"]
[PlyCount "100"]
[EventDate "2017.??.??"]
[EventType "tourn"]
[EventCountry "RUS"]
[SourceTitle "playchess.com"]
[Source "ChessBase"]
[SourceQuality "1"]
[TimeControl "40/5400+30:1800+30"]

1. d4 d5 2. c4 c6 3. Nf3 Nf6 4. e3 e6 5. b3 Nbd7 6. Bb2 Bd6 7. Bd3 O-O {[%emt 0:00:11] A06: Réti Opening:1 Nf3 d5} 8. O-O b6 {[%emt 0:00:03] LiveBook: 103 Games} 9. Nbd2 Bb7 10. Ne5 (10. Qe2 c5 11. Rad1 cxd4 12. Nxd4 Nc5 13. Bb1 Re8 14. cxd5 exd5 15. Nf5 Ba6 16. Nc4 Be5 17. Bxe5 Rxe5 18. Qb2 Re6 {½-½ (61) Grischuk,A (2747)-Ding,L (2778) Wenzhou 2016}) 10... c5 11. cxd5 exd5 12. f4 cxd4 13. exd4 Ne4 14. Nxe4 dxe4 15. Bc4 Nf6 $146 16. Qe2 Rc8 17. Rac1 Rc7 18. Ba6 Rxc1 19. Rxc1 Bxa6 20. Qxa6 Nd5 21. Qb7 (21. g3 $1 $11) 21... Nxf4 22. Qxe4 Bxe5 23. dxe5 Qd2 24. Rb1 Rd8 25. Qf3 (25. h3 $17) 25... h6 26. Qf2 g5 27. Qxd2 Rxd2 28. g3 Nh3+ 29. Kh1 g4 30. a4 Kh7 31. Bc3 $1 $11 {[%emt 0:00:37] was the only way to keep the balance.} Rc2 (31... Rd3 32. Rc1) 32. Bd4 Rd2 $2 (32... Ng5 $17 {Hoping for ...Nf3.} 33. Rb2 Rc1+ 34. Kg2 Nf3) 33. Be3 Re2 34. Bf4 Kg6 35. Rc1 h5 36. b4 ({Not} 36. Rc6+ $2 {[#]} f6 $1 37. Rxf6+ Kh7 $19) 36... a6 37. b5 axb5 38. axb5 Kf5 39. Rb1 Ke6 40. Rc1 Kd5 41. Rf1 Kc4 42. Rb1 Kc5 43. Bh6 Rxe5 ({Don't take} 43... Nf2+ 44. Kg2 Nh3+ 45. Kf1 Rf2+ 46. Ke1 Rxh2 47. Rb3 $19) 44. Bf8+ Kc4 45. Rb4+ Kd3 46. Rb1 Kc2 47. Rf1 Rxb5 48. Kg2 Rb1 49. Rxb1 Kxb1 50. Bh6 Kc2 $19 0-1

[Event "RUS-ch Youth U21 Girls 2017"]
[Site "Loo"]
[Date "2017.04.28"]
[Round "9"]
[White "Rodionova, Daria"]
[Black "Obolentseva, Alexandra"]
[Result "1/2-1/2"]
[ECO "B53"]
[WhiteElo "2164"]
[BlackElo "2346"]
[Annotator "NA"]
[PlyCount "85"]
[EventDate "2017.??.??"]
[EventType "tourn"]
[EventCountry "RUS"]
[SourceTitle "playchess.com"]
[Source "ChessBase"]
[SourceQuality "1"]
[TimeControl "40/5400+30:1800+30"]

1. e4 c5 2. Nf3 d6 3. d4 cxd4 4. Qxd4 Nc6 5. Bb5 Bd7 6. Qd3 Nf6 7. c4 g6 8. Nc3 Bg7 9. O-O O-O 10. h3 Rc8 {[%emt 0:00:37] LiveBook: 35 Games} 11. Be3 a6 12. Bxc6 Bxc6 13. Nd4 Nd7 14. Rac1 Nc5 15. Qb1 Ne6 16. Qd3 Nc5 17. Qb1 Ne6 18. Qd3 Nxd4 19. Bxd4 Bxd4 20. Qxd4 b5 21. cxb5 axb5 22. Nd5 Bxd5 23. exd5 Qd7 24. Rfe1 Qb7 25. Rxc8 Rxc8 26. Qe4 Rc7 27. a3 Qa7 28. Qh4 Qa4 29. Qg5 f6 30. Qe3 Qc4 31. Qb6 Rd7 32. Qb8+ Kg7 33. Qe8 Qc7 34. h4 Qb7 35. h5 (35. Rc1 $16 {Rc8 is the strong threat.} Rc7 36. Rc6) 35... Rc7 36. Re3 Qxd5 37. Rxe7+ Rxe7 38. Qxe7+ Kh6 39. hxg6 Qd1+ 40. Kh2 Qh5+ 41. Kg1 Qd1+ 42. Kh2 Qh5+ 43. Kg1 $11 1/2-1/2